 Dungeon Crawl Stone Soup version 0.19-a0-1792-g28b16ba (webtiles) character file.

119 twist the Insei (level 5, 0/33 HPs)
             Began as an Octopode Transmuter on Oct 4, 2016.
             Slain by a phantom (2 damage)
             ... on level 4 of the Dungeon.
             The game lasted 00:05:11 (2824 turns).

twist the Insei (Octopode Transmuter)               Turns: 2824, Time: 00:05:12

Health: 0/33       AC:  1    Str: 10    XL:     5   Next: 3%
Magic:  1/8        EV: 13    Int: 16    God:
Gold:   189        SH:  0    Dex: 12    Spells: 3 memorised, 2 levels left

rFire  . . .     SeeInvis .     p - +0 rapier (venom)
rCold  . . .     Gourm    .     (no shield)
rNeg   . . .     Faith    .     (helmet restricted)
rPois  .         Spirit   .     (no amulet)
rElec  .         Dismiss  .     (no ring)
rCorr  .         Reflect  .     (no ring)
MR     .....     Harm     .     (no ring)
Stlth  ++........               (no ring)
                                (no ring)
                                (no ring)
                                (no ring)
                                (no ring)

@: very slightly contaminated
A: almost no armour, stealthy swim, amphibious, 8 rings, constrict 8, camouflage
1, gelatinous body 1
a: no special abilities


You were on level 4 of the Dungeon.
You were not hungry.

You visited 1 branch of the dungeon, and saw 4 of its levels.

You collected 189 gold pieces.

Inventory:

Hand Weapons
 p - a +0 rapier of venom (weapon)
Missiles
 a - 41 arrows
Scrolls
 d - 2 scrolls of recharging {unknown}
 n - a scroll of immolation
 o - 4 scrolls of remove curse
 t - a scroll of amnesia {unknown}
Potions
 e - 2 potions of agility {unknown}
 f - a potion of flight {unknown}
 g - a potion of might {unknown}
 i - a potion of magic {unknown}
 k - 2 potions of lignification {unknown}
 l - a potion of haste {unknown}
 m - 2 potions of heal wounds {unknown}
 q - a potion of degeneration
 r - a potion of invisibility
 s - 2 potions of curing {unknown}
Books
 b - a book of Changes

   Spells                             Type                      Level
   a - Beastly Appendage              Transmutation                1
   b - Sticks to Snakes               Transmutation                2
   c - Spider Form                    Transmutation/Poison         3
   d - Ice Form                       Ice/Transmutation            4
   e - Blade Hands                    Transmutation                5
Comestibles
 c - 3 bread rations
 h - a beef jerky
 j - 2 meat rations


   Skills:
 - Level 1.0 Fighting
 - Level 2.0 Dodging
 + Level 5.3 Unarmed Combat
 - Level 2.0 Spellcasting
 + Level 2.4 Transmutations


You had 2 spell levels left.
You knew the following spells:

 Your Spells              Type           Power        Failure   Level  Hunger
a - Beastly Appendage     Tmut           #.....       10%         1    #......
b - Sticks to Snakes      Tmut           #.......     14%         2    ###....
c - Spider Form           Tmut/Pois      #.........   38%         3    ###....


Dungeon Overview and Level Annotations

Branches:
Dungeon (4/15)
 Temple: D:4-7

Altars:


Innate Abilities, Weirdness & Mutations

You cannot wear most types of armour.
You are very stealthy in the water.
You are amphibious.
You can wear up to eight rings at the same time.
You can use your tentacles to constrict eight enemies at once.
Your skin changes colour to match your surroundings (Stealth+).
Your rubbery body absorbs attacks. (AC +1, EV +1)


Message History

* * * LOW HITPOINT WARNING * * *
The phantom blinks!
Unknown command.
You swap places.
What are your orders? t - Shout!
Orders for allies: a - Attack new target. r - Retreat! s - Stop attacking. g - Guard the area. f - Follow me.
Anything else - Cancel.
Gang up on whom?
Press: ? - help, Dir - move target cursor, f - phantom
Aim: a phantom (almost destroyed) Attack!
The phantom blinks!
Your adder misses the phantom.
Your adder bites the phantom but does no damage.
You barely miss the phantom.
The phantom is almost destroyed.
Your ball python bites the phantom but does no damage.
Your adder bites the phantom.
The phantom hits you.
You die...

####..... ##..###.#
........# ##.#####
.......# #..# #.....##
##.## ##......## ###...##
#........######...##.##
##..............####...#
###.............#####..###
###....####.....@.##
##..## .....#
##...).SW#####..## ....#
##.......S.##...## ...#
###................#
...###..........#....####
................##..##
..........##...####.##
#####.....##...# ##.## #
##........## #..####


You could see a phantom, a friendly adder and a friendly ball python.

Vanquished Creatures
  An orc wizard (D:3)
  3 adders
  An ooze (D:1)
  A worm (D:3)
  A dart slug (D:3)
  2 leopard geckos
  An orc (D:4)
  5 giant cockroaches
  5 hobgoblins
  5 jackals
  6 kobolds
  3 quokkas
  2 ball pythons
  A bat (D:1)
  2 frilled lizards
  7 goblins
  8 rats
54 creatures vanquished.

Notes
Turn   | Place    | Note
-------+----------+-------------------------------------------
     0 | D:1      | twist the Octopode Transmuter began the quest for the Orb.
     0 | D:1      | Reached XP level 1. HP: 13/13 MP: 3/3
   232 | D:1      | Reached XP level 2. HP: 18/18 MP: 5/5
   755 | D:1      | Reached skill level 4 in Unarmed Combat
   755 | D:1      | Reached XP level 3. HP: 21/23 MP: 6/6
  1354 | D:2      | Learned a level 2 spell: Sticks to Snakes
  1358 | D:2      | Learned a level 3 spell: Spider Form
  1996 | D:3      | Reached XP level 4. HP: 28/28 MP: 7/7
  2296 | D:3      | Reached skill level 5 in Unarmed Combat
  2483 | D:4      | Noticed a phantom
  2671 | D:4      | Reached XP level 5. HP: 23/33 MP: 6/8
  2809 | D:4      | HP: 1/33 [phantom (8)]
  2820 | D:4      | HP: 1/33 [phantom (1)]
  2824 | D:4      | Slain by a phantom

Vault maps used:
D:1:      dpeg_arrival_windows_large_door
D:2:      minmay_tromino_v4_b
D:3:      first_bread

Skill      XL: |  1  2  3  4 |
---------------+-------------+-----
Unarmed Combat | 4 5 |  5.3
Fighting       | |  1.0
Dodging        | |  2.0
Spellcasting   | |  2.0
Transmutations | |  2.4

Action                   |  1- 3 |  4- 6 || total
-------------------------+-------+-------++-------
Melee: Unarmed           |    72 |       ||    72
       Constrict         |    26 |    11 ||    37
       Punch             |     4 |     2 ||     6
       Tentacles         |    18 |     6 ||    24
       Rapier            |     6 |    41 ||    47
       Kick              |     1 |       ||     1
 Cast: Beastly Appendage |     3 |       ||     3
       Sticks to Snakes  |       |     2 ||     2
  Use: Scroll            |     7 |       ||     7
 Stab: Sleeping          |     9 |     4 ||    13
  Eat: Chunk             |     3 |     3 ||     6
Armor: Skin              |     7 |     4 ||    11
Dodge: Dodged            |    35 |    23 ||    58
